Map: Rhoskallian LE

Players

XxKHENSUxX

  • Race: Zerg Zerg
  • League: Diamond
  • Spawn Location: 5:00

Quenyao

  • Race: Protoss Protoss
  • League: Diamond
  • Spawn Location: 6:00

Massa

  • Race: Terran Terran
  • League: Gold
  • Spawn Location: 12:00

qqq

  • Race: Zerg Zerg
  • League: Platinum
  • Spawn Location: 11:00

VOD

Have the link to the VOD?

Description

Time

  • Played on: July 30, 2020, 2:23 p.m.
  • Length: 19:49
Show
View Real Time Build Order
Export as new Build Order

XxKHENSUxX Zerg 

Build Orders: Pool First 

Get SALT Encoding   

  12  0:01  Drone  
  13  0:10  Drone  
  14  0:21  Overlord  
  14  0:39  Drone x3  
  17  3:35  Spawning Pool  
  16  4:48  Queen  
  18  7:45  Drone x4  
  22  7:51  Hatchery  
  21  9:28  Drone  
  21  9:29  Drone x2  
  21  9:30  Drone  
  21  9:31  Drone x3  
  24  14:35  Drone x3  
  24  14:37  Drone x9  
  25  14:40  Extractor  
  25  14:42  Extractor  
  22  17:00  Extractor  
  21  17:01  Extractor  
  21  17:02  Drone  
  21  17:03  Drone x2  
  21  17:04  Drone x3  
Show
View Real Time Build Order
Export as new Build Order

Quenyao Protoss 

Build Orders: Cannon Rush 

Get SALT Encoding   

  12  0:02  Probe  
  13  0:14  Pylon  
  13  0:18  Probe  
  14  0:30  Probe (Chrono Boost)  
  14  0:35  Forge  
  15  0:40  Probe (Chrono Boost)  
  16  0:45  Probe (Chrono Boost)  
  17  0:56  Probe (Chrono Boost)  
  18  0:59  Assimilator  
  18  1:09  Probe (Chrono Boost)  
  19  1:23  Pylon  
  19  1:32  Pylon  
  19  1:38  Probe  
  20  1:43  Gateway, Assimilator  
  20  1:46  Photon Cannon  
  20  1:48  Photon Cannon  
  20  1:51  Photon Cannon  
  20  1:54  Photon Cannon  
  19  2:02  Pylon  
  19  2:07  Photon Cannon  
  19  2:21  Photon Cannon  
  19  2:23  Photon Cannon  
  19  2:26  Probe  
  19  2:29  Pylon  
  20  2:39  Pylon  
  20  2:40  Probe  
  21  2:47  Cybernetics Core  
  21  2:51  Pylon  
  21  2:52  Probe  
  21  2:54  Photon Cannon, Pylon  
  21  2:56  Photon Cannon  
  22  3:04  Probe, Photon Cannon  
  23  3:08  Protoss Ground Weapons Level 1  
  23  3:13  Warp Gate  
  23  3:16  Probe, Pylon  
  24  3:29  Probe, Gateway, Twilight Council  
  24  3:30  Gateway  
  24  3:33  Gateway  
  25  3:34  Gateway  
  25  3:36  Gateway  
  25  3:39  Pylon  
  25  3:40  Gateway x2  
  25  3:41  Probe  
  26  3:44  Gateway x2  
  26  3:50  Robotics Facility  
  26  3:53  Probe  
  27  3:58  Photon Cannon  
  27  4:01  Shield Battery  
  27  4:07  Photon Cannon  
  27  4:09  Pylon  
  27  4:20  Charge (Chrono Boost)  
  27  4:23  Gateway  
  26  4:34  Probe  
  26  4:38  Warp Prism  
  29  5:09  Zealot  
  29  5:10  Zealot x6  
  29  5:11  Nexus, Zealot x2  
  47  5:14  Pylon  
  47  5:17  Pylon  
  47  5:19  Assimilator  
  47  5:24  Assimilator  
  47  5:26  Pylon  
  47  5:30  Pylon  
  47  5:31  Protoss Ground Weapons Level 2  
  47  5:37  Zealot  
  47  5:38  Zealot x4  
  47  5:39  Zealot x2  
  61  5:43  Zealot  
  61  5:45  Probe  
  36  6:12  Zealot x2  
  36  6:13  Zealot x6  
  36  6:14  Zealot x2  
  56  6:27  Probe  
  56  6:28  Probe  
  58  6:39  Probe  
  59  6:40  Probe  
  59  6:45  Zealot x6  
  70  6:49  Zealot x4  
  70  6:51  Probe  
  70  6:52  Probe  
  70  7:05  Probe x2 (Chrono Boost)  
  66  7:10  Zealot  
  66  7:11  Zealot x6  
  66  7:12  Zealot x3  
  86  7:21  Pylon  
  86  7:23  Pylon  
  86  7:24  Probe (Chrono Boost), Pylon  
  86  7:26  Probe (Chrono Boost), Pylon  
  84  7:32  Probe (Chrono Boost)  
  84  7:35  Probe (Chrono Boost)  
  86  7:40  Probe (Chrono Boost)  
  86  7:41  Probe (Chrono Boost)  
  76  7:46  Probe  
  73  8:08  Protoss Ground Weapons Level 3 (Chrono Boost)  
  73  8:09  Probe  
  73  8:10  Probe  
  73  8:15  Zealot x3  
  73  8:16  Zealot x6  
  73  8:17  Zealot  
  87  8:21  Probe  
  87  8:22  Probe  
  85  8:34  Probe  
  80  8:52  Nexus  
  78  9:04  Dark Shrine  
  74  9:17  Immortal (Chrono Boost)  
  74  9:21  Templar Archives  
  78  9:26  Robotics Facility  
  78  9:28  Robotics Facility, Robotics Bay  
  78  9:37  Pylon  
  78  9:40  Pylon  
  78  9:55  Immortal  
  82  10:00  High Templar  
  82  10:01  High Templar x7  
  82  10:02  High Templar  
  82  10:04  Zealot  
  82  10:05  Archon x4  
  102  10:26  Photon Cannon  
  99  10:30  Photon Cannon, Immortal x2  
  99  10:33  Photon Cannon  
  99  10:35  Zealot x6, Immortal  
  119  10:36  Zealot x4  
  129  10:45  Blink (Chrono Boost)  
  129  10:46  Probe (Chrono Boost)  
  120  10:52  Probe (Chrono Boost)  
  123  10:58  Probe x2 (Chrono Boost)  
  123  10:59  Photon Cannon  
  123  11:01  Zealot x6  
  123  11:02  Probe (Chrono Boost)  
  123  11:04  Probe (Chrono Boost)  
  136  11:06  Probe (Chrono Boost)  
  136  11:07  Probe (Chrono Boost)  
  139  11:11  Stalker  
  139  11:12  Probe, Stalker  
  139  11:16  High Templar  
  139  11:17  Probe  
  146  11:18  Probe  
  146  11:29  Probe  
  147  11:33  Probe x2  
  149  11:44  Pylon  
  149  11:45  Pylon  
  149  11:46  Pylon x2  
  149  11:47  Pylon x2  
  149  11:48  Pylon  
  149  12:01  Pylon  
  149  12:02  Immortal (Chrono Boost)  
  149  12:03  Probe, Immortal (Chrono Boost)  
  149  12:07  Pylon, Immortal (Chrono Boost)  
  149  12:08  Photon Cannon  
  162  12:10  Photon Cannon  
  162  12:16  Photon Cannon  
  162  12:31  Nexus  
  152  12:41  Assimilator  
  152  12:44  Pylon, Assimilator  
  152  12:46  Probe  
  152  12:47  Immortal x2  
  152  12:48  Stalker x6, Protoss Ground Armor Level 1 (Chrono Boost)  
  152  12:49  Stalker x4  
  152  12:50  Pylon  
  181  12:56  Psionic Storm  
  181  13:06  Probe  
  181  13:11  Zealot  
  184  13:24  Nexus  
  184  13:27  Assimilator  
  184  13:29  Pylon  
  184  13:36  Photon Cannon  
  184  13:37  Probe, Pylon x2  
  184  13:38  Probe x2  
  187  13:46  Zealot  
  187  13:47  Zealot x4  
  197  13:50  Probe x3  
  200  14:42  Assimilator  
  200  14:46  Assimilator  
  200  14:47  Protoss Ground Armor Level 2 (Chrono Boost)  
  200  15:01  Photon Cannon  
  200  15:03  Photon Cannon  
  200  15:05  Photon Cannon  
  200  15:34  Gateway  
  200  15:35  Gateway  
  200  15:36  Gateway  
  200  15:40  Gateway  
  200  15:42  Stargate  
  195  15:43  Stargate, Stalker x3  
  195  15:44  Stargate x3  
  196  16:06  Probe  
  196  16:11  Probe  
  198  16:18  Photon Cannon, Pylon  
  190  16:28  Cybernetics Core  
  178  16:32  Photon Cannon  
  178  16:38  Photon Cannon, Void Ray  
  178  16:39  Void Ray x2  
  190  16:40  Photon Cannon  
  190  16:42  Pylon  
  190  16:43  Observer x2 (Chrono Boost)  
  190  16:44  Pylon  
  190  16:46  Pylon  
  196  16:49  Immortal (Chrono Boost)  
  196  16:56  Observer x2 (Chrono Boost), Fleet Beacon  
  196  16:59  Photon Cannon  
  196  17:01  Probe, Nexus  
  199  17:03  Photon Cannon  
  199  17:04  Pylon x3, Assimilator  
  199  17:05  Photon Cannon, Pylon, Assimilator  
  199  17:06  Pylon  
  199  17:10  Photon Cannon  
  199  17:19  Gravitic Boosters (Chrono Boost)  
  199  17:20  Probe  
  198  18:10  Photon Cannon  
  198  18:12  Photon Cannon  
  198  18:14  Photon Cannon  
  198  18:17  Pylon  
  198  18:18  Probe x2  
  200  18:31  Stalker  
  198  18:34  Photon Cannon  
  198  18:36  Photon Cannon  
  198  18:38  Photon Cannon  
  198  18:40  Photon Cannon  
  194  18:41  Photon Cannon  
  194  18:44  Photon Cannon  
  192  18:48  Stalker  
  192  18:49  Photon Cannon  
  192  18:51  Photon Cannon  
  192  18:55  Photon Cannon  
  191  19:04  Observer x2, Stalker x4  
  191  19:05  Stalker  
  199  19:10  Probe, Photon Cannon  
  176  19:47  Zealot x5  
  176  19:48  Zealot x5  
  176  19:49  Zealot x4  
Show
View Real Time Build Order
Export as new Build Order

Massa Terran 

Build Orders: 2 Factory 

Get SALT Encoding   

  12  0:01  SCV  
  13  0:13  SCV  
  14  0:22  Supply Depot  
  14  0:26  SCV  
  15  0:42  Refinery  
  15  0:44  SCV  
  15  0:48  Barracks  
  16  0:56  SCV  
  17  1:08  SCV  
  18  1:20  SCV  
  19  1:34  Marine  
  19  1:37  Barracks  
  20  1:40  SCV  
  21  1:52  Marine  
  22  1:55  Barracks  
  22  2:00  Orbital Command  
  22  2:10  Marine  
  22  2:12  Supply Depot  
  23  2:32  Supply Depot  
  23  2:33  Marine  
  23  2:36  Marine, Supply Depot  
  25  2:41  Marine  
  26  3:04  Factory  
  25  3:15  Factory  
  25  3:31  Marine  
  26  3:48  Factory Tech Lab  
  26  3:49  Marine  
  27  4:07  Barracks, Marine, Siege Tank  
  31  4:36  Marine x2  
  33  4:40  Factory Tech Lab  
  33  4:50  Command Center  
  33  4:54  Marine x2  
  35  5:02  Siege Tank  
  38  5:11  Marine  
  38  5:12  Marine  
  40  5:16  Siege Tank  
  40  5:19  Barracks Tech Lab  
  40  5:20  SCV  
  44  5:29  Marine x2  
  44  5:33  SCV  
  47  5:40  Supply Depot  
  47  5:41  Supply Depot  
  47  6:01  Widow Mine, Barracks Tech Lab  
  47  6:02  Marauder  
  46  6:22  Orbital Command  
  46  6:23  Widow Mine, SCV  
  20  7:01  Orbital Command  
  7  7:08  SCV  
  6  7:19  Marine x2  
  6  7:20  SCV  
  12  7:22  Cyclone  
  12  7:32  SCV  
  12  7:36  Marine  
  12  7:37  Marine  
  15  7:44  SCV  
  16  7:54  Marine  
  16  7:56  SCV  
  12  8:10  Marine  
  13  8:22  SCV x2  
  13  8:26  Bunker  
  13  8:34  SCV x2  
  12  8:56  Refinery  
  12  8:58  Refinery  
  12  8:59  SCV x2  
  14  9:10  Marine  
  14  9:11  SCV  
  17  9:21  SCV  
  17  9:23  SCV  
  18  9:33  SCV  
  18  9:35  SCV  
  19  9:45  SCV  
  20  9:49  Orbital Command  
  20  10:14  Command Center  
  20  10:18  SCV  
  20  10:19  SCV  
  22  10:23  Factory Tech Lab  
  22  10:25  Marine  
  24  10:30  Barracks Tech Lab  
  24  10:31  SCV x2  
  25  10:35  Starport  
  25  10:42  Starport  
  25  10:43  Marine  
  26  10:57  Marauder  
  16  11:01  Marine  
  16  11:02  Bunker  
  13  11:04  Widow Mine  
  13  11:05  Barracks  
  12  11:14  Bunker  
  12  11:18  Marauder  
  14  11:19  Marine  
  15  11:26  Refinery, Widow Mine  
  17  11:36  Marine  
  18  11:42  Refinery  
  18  11:45  SCV  
  21  11:54  Hellion, Marine  
  21  11:57  SCV  
  21  11:58  Orbital Command  
  23  12:10  SCV  
  23  12:12  Marine  
  27  12:15  Hellion  
  27  12:22  SCV  
  28  12:23  Starport Tech Lab  
  28  12:24  Starport Tech Lab  
  28  12:30  Marine  
  28  12:34  SCV  
  32  12:37  Hellion  
  32  12:38  Hellion  
  34  12:46  SCV  
  34  12:48  Marine  
  38  12:58  Hellion  
  38  13:09  Supply Depot  
  38  13:30  Liberator, Marine, SCV x2  
  38  13:31  Hellion  
  46  13:42  Supply Depot  
  46  14:04  Banshee, Hellion, SCV x2  
  53  14:13  Widow Mine  
  53  14:16  SCV  
  54  14:37  Banshee, Hellion  
  54  14:38  SCV  
  54  14:40  Hellion  
  52  14:57  SCV x2  
  54  15:14  Supply Depot  
  54  15:17  Banshee, SCV x2  
  54  15:18  Marauder, Supply Depot  
  61  15:35  Banshee  
  61  15:36  Marine  
  61  15:38  Widow Mine  
  61  15:39  Marauder  
  69  15:54  Marine  
  70  16:00  Marauder  
  69  16:08  Banshee  
  72  16:11  Marine  
  72  16:15  Widow Mine x2  
  72  16:16  SCV  
  78  16:30  Supply Depot  
  78  16:37  Supply Depot  
  78  16:50  Stimpack  
  78  16:52  Widow Mine, Banshee, SCV x2  
  85  17:04  Barracks Tech Lab  
  85  17:12  SCV  
  85  17:13  SCV  
  87  17:22  Command Center  
  87  17:24  SCV  
  87  17:25  SCV, Engineering Bay  
  89  17:37  SCV x2  
  85  17:48  Marauder, Marine  
  79  17:51  Concussive Shells  
  79  17:54  Marauder  
  79  17:57  SCV  
  79  17:58  SCV  
  86  18:05  Siege Tank  
  86  18:06  Marine  
  86  18:08  Factory Reactor  
  86  18:09  Marauder  
  89  18:15  Marauder, Cloaking Field  
  89  18:18  Banshee  
  94  18:34  Marauder, Marine  
  97  18:38  Supply Depot  
  97  18:40  Supply Depot  
  93  18:56  Marauder  
  93  19:03  Supply Depot  
  93  19:04  Supply Depot  
  93  19:05  Siege Tank  
  90  19:17  Marauder  
  90  19:18  Marauder  
  90  19:20  Marine  
  90  19:23  SCV x2  
  79  19:35  SCV x2  
Show
View Real Time Build Order
Export as new Build Order

qqq Zerg 

Build Orders: Hatch First, Lurkers 

Get SALT Encoding   

  12  0:02  Drone  
  13  0:10  Drone  
  14  0:41  Hatchery  
  13  0:45  Overlord  
  13  0:48  Drone  
  14  1:05  Spawning Pool  
  14  1:08  Drone  
  14  1:17  Drone  
  15  1:20  Extractor, Drone  
  15  1:22  Drone  
  16  1:57  Queen  
  16  1:59  Queen  
  20  2:15  Drone x3  
  23  2:27  Metabolic Boost  
  23  2:31  Drone x2  
  23  2:32  Drone  
  26  2:42  Zergling x2  
  27  3:06  Roach Warren  
  26  3:16  Drone x2  
  26  3:17  Overlord x3  
  28  3:26  Spine Crawler  
  25  3:37  Spine Crawler  
  24  3:53  Roach x3  
  30  3:56  Extractor, Lair  
  29  4:06  Drone  
  29  4:07  Drone x2  
  32  4:20  Drone  
  32  4:21  Drone  
  32  4:22  Drone  
  35  4:25  Ravager x2  
  37  4:42  Hatchery  
  36  4:54  Ravager  
  37  5:03  Drone x3  
  37  5:04  Drone x2  
  37  5:05  Drone x2  
  44  5:52  Roach  
  44  5:53  Roach x2  
  50  5:58  Extractor, Drone  
  50  6:00  Extractor  
  49  6:12  Drone x3  
  49  6:13  Roach x3  
  58  6:28  Overlord  
  58  6:29  Overlord x5  
  58  6:43  Overlord x2  
  58  6:50  Roach x3  
  58  6:51  Zergling x2  
  64  7:06  Roach x2  
  64  7:07  Roach x3  
  48  7:24  Roach x3  
  48  7:25  Roach x3  
  60  7:31  Drone x3  
  60  7:32  Roach  
  63  7:44  Drone  
  63  7:46  Drone  
  63  7:47  Drone  
  63  7:49  Drone  
  65  8:04  Hatchery  
  58  8:09  Roach x3  
  56  8:22  Ravager  
  56  8:24  Ravager x2  
  56  8:25  Ravager  
  56  8:26  Ravager x2  
  62  8:32  Drone x2  
  62  8:33  Spine Crawler  
  64  8:34  Drone  
  64  8:35  Spine Crawler  
  54  8:56  Spire  
  53  9:13  Roach x5  
  53  9:14  Drone x2, Roach  
  53  9:15  Drone  
  70  9:17  Ravager x3  
  70  9:18  Ravager x2  
  73  9:26  Zergling x4  
  76  9:45  Drone x2  
  76  9:47  Zergling x4  
  76  9:49  Zergling x2  
  76  9:50  Zergling x2  
  76  9:52  Glial Reconstitution  
  81  9:59  Zergling x4  
  83  10:05  Drone x2  
  85  10:10  Drone  
  85  10:11  Mutalisk x2  
  89  10:28  Zergling x4  
  90  10:29  Drone  
  90  10:35  Drone x4  
  94  10:36  Mutalisk  
  94  10:37  Zergling x2  
  54  10:55  Drone  
  54  10:56  Drone x2  
  54  11:08  Extractor, Drone  
  54  11:09  Extractor, Drone x2  
  55  11:13  Infestation Pit  
  55  11:15  Drone x3  
  55  11:16  Drone  
  55  11:17  Drone  
  55  11:18  Drone  
  60  11:29  Spine Crawler  
  60  11:30  Mutalisk  
  60  11:31  Spine Crawler  
  44  11:41  Hydralisk Den  
  43  11:51  Drone x2  
  43  11:52  Drone  
  43  11:53  Drone x2  
  42  12:05  Drone  
  42  12:07  Drone  
  44  12:24  Hydralisk x2  
  48  12:31  Lurker Den  
  48  12:35  Hatchery  
  46  12:41  Hatchery  
  46  12:43  Hatchery  
  38  13:13  Spire  
  38  13:15  Hydralisk x2  
  38  13:16  Hydralisk  
  38  13:18  Drone x3  
  46  13:30  Lurker  
  46  13:31  Lurker  
  46  13:33  Drone  
  49  13:42  Lurker  
  49  13:43  Lurker x2  
  49  13:48  Drone  
  53  13:49  Hydralisk x3  
  53  13:50  Hydralisk  
  61  14:02  Evolution Chamber, Infestation Pit  
  57  14:29  Drone  
  57  14:30  Drone x3  
  57  14:31  Drone x2  
  63  14:33  Lurker x3  
  66  14:39  Hive  
  66  14:40  Hatchery  
  66  14:41  Drone x2  
  66  14:43  Drone  
  68  14:48  Hatchery  
  67  14:58  Overseer  
  67  14:59  Pneumatized Carapace  
  67  15:08  Lurker  
  65  15:51  Spine Crawler  
  65  15:53  Spine Crawler x2  
  65  15:54  Drone x3  
  65  15:55  Spine Crawler  
  64  16:04  Greater Spire  
  64  16:05  Hydralisk x3  
  64  16:06  Hydralisk x2  
  64  16:07  Hydralisk  
  73  16:14  Hatchery  
  72  16:32  Lurker x3  
  75  16:34  Overlord  
  75  16:35  Corruptor  
  75  16:36  Corruptor x2  
  75  16:39  Queen  
  83  17:07  Corruptor x2, Overlord  
  87  17:17  Brood Lord  
  87  17:20  Zerg Flyer Weapons Level 1  
  87  17:21  Corruptor  
  91  17:23  Zergling x2  
  91  17:26  Drone  
  87  17:40  Seismic Spines  
  81  18:13  Drone x3  
  84  18:20  Corruptor x3  
  84  18:21  Corruptor x2  
  84  18:26  Zergling x2  
  92  18:28  Drone  
  93  18:37  Drone  
  94  18:46  Brood Lord  
  72  19:11  Brood Lord  
Tags
 
Add a new tag
Caveats
  • Supply blocks, unpowered buildings, or Contaminate may cause inaccurate times.
  • Supply counts are checked every 10 seconds.